 Dungeon Crawl Stone Soup version 0.28-a0-872-g80cf8599ee (webtiles) character file.

Game seed: 6600698374265450013

222 demibob the Insei (level 5, -1/40 HPs)
             Began as a Vine Stalker Monk on Nov 20, 2021.
             Slain by a bullfrog (6 damage)
             ... in a sewer.
             The game lasted 00:05:26 (3489 turns).

demibob the Insei (Vine Stalker Monk)               Turns: 3489, Time: 00:05:34

Health: -1/40      AC:  2    Str: 18 (19) XL:     5   Next: 99%
Magic:  0/6        EV: 13    Int:  7 (10) God:
Gold:   110        SH:  0    Dex: 17 (18) Spells: 4/4 levels left

rFire   . . .      SeeInvis .     - Unarmed
rCold   . . .      Faith    .   (no shield)
rNeg    . . .      Spirit   +   a - +0 robe
rPois   .          Reflect  .   (no helmet)
rElec   .          Harm     .   (no cloak)
rCorr   .          Rampage  .   (no gloves)
Will    .....                   (no boots)
Stlth   ..........              (no amulet)
HPRegen 1.13/turn               S - +6 ring of strength
MPRegen 0.10/turn               (no ring)

@: berserking, lethally poisoned (-1 -> -2), very quick
A: fangs 2, regeneration 1, magic shield, antimagic bite, no potion heal 2
a: no special abilities


You were in a sewer.
You visited 1 branch of the dungeon, and saw 3 of its levels.
You also visited: Sewer.

You collected 110 gold pieces.


Innate Abilities, Weirdness & Mutations

You have extremely sharp teeth.
Your natural rate of healing is unusually fast.
When hurt, damage is shared between your health and your magic reserves.
Your bite disrupts and absorbs the magic of your enemies.
Potions cannot restore your health.


   Skills:
 - Level 2.6 Fighting
 - Level 2.4 Dodging
 - Level 2.4 Stealth
 + Level 6.4 Unarmed Combat


You had 4 spell levels left.
You didn't know any spells.
Your spell library was empty.

Inventory:

Armour
 a - a +0 robe (worn)
 h - a +0 helmet
Jewellery
 S - a +6 ring of strength (left hand)
Potions
 c - 2 potions of ambrosia {unknown}
 d - a potion of flight {unknown}
 f - 2 potions of curing {@q1}

Dungeon Overview and Level Annotations

Branches:
Dungeon (3/15)              Sewer (1/1)

Altars:

▒▒≈≈≈▒▒..≈▒▒ ▒▒≈≈≈▒▒≈≈
▒.≈≈†▒.≈†≈▒≈.≈ ▒≈.≈≈▒≈.
▒∩.≈.▒≈††.▒≈≈. ▒≈≈≈.▒≈.
▒.≈≈≈▒.≈≈≈▒≈.. ▒≈.≈≈▒≈≈
▒▒.≈.▒▒.≈≈▒≈≈≈ ▒▒≈..▒▒†≈
▒≈≈≈≈▒≈≈≈▒≈.. ▒▒...≈▒≈.≈
▒▒≈≈≈▒▒.≈▒▒≈≈ ▒▒▒≈≈≈≈▒▒≈.≈
▒≈.≈≈▒▒.≈▒≈≈▒▒▒▒▒▒▒≈≈≈≈≈▒▒≈.≈≈
▒▒≈≈≈†▒†≈▒▒lS@≈≈≈≈≈≈≈≈▒▒▒≈≈≈≈▒
▒▒≈≈≈≈≈≈≈▒.F≈..≈≈.▒▒▒▒≈≈≈.≈▒▒
▒▒▒▒≈..▒▒▒▒▒▒▒≈∩≈▒≈.≈≈≈≈≈▒▒
▒▒≈≈▒≈≈≈.†▒▒▒▒▒.≈≈≈▒▒▒▒▒
▒▒▒▒≈≈≈≈≈≈≈≈≈≈≈▒▒▒▒≈.∩▒
▒≈.≈▒▒▒▒▒▒▒▒▒....≈▒▒
▒≈.≈≈†.≈≈≈≈≈..∩.▒▒▒
▒≈≈≈≈.≈≈.≈≈.▒▒▒▒▒
▒▒▒▒▒▒▒▒▒▒▒▒▒


You could see a bullfrog, an adder and a frilled lizard.


Message History

The bullfrog hits you.
* * * LOW HITPOINT WARNING * * *
Unknown command.
You feel sick.
As you read the scroll labelled YLIUTSUPSI, it crumbles to dust.
It is a scroll of amnesia.
You feel forgetful for a moment.
You feel sick. The adder misses you.
The bullfrog hits you but does no damage.
The adder closely misses you.
It was a potion of curing.
Your system rejects the healing.
You feel better. The bullfrog hits you.
* * * LOW HITPOINT WARNING * * *
The adder bites you.
* * * LOW HITPOINT WARNING * * *
You are poisoned.
The adder poisons you! The bullfrog barely misses you.
It was a potion of degeneration.
There was something very wrong with that liquid.
You feel weakened.
You feel dopey.
You feel clumsy.
You feel sick. The adder bites you.
* * * LOW HITPOINT WARNING * * *
The bullfrog hits you.
* * * LOW HITPOINT WARNING * * *
It was a potion of berserk rage.
A red film seems to cover your vision as you go berserk!
You feel yourself moving faster!
You feel mighty!
You feel sick. The bullfrog closely misses you. The adder bites you.
* * * LOW HITPOINT WARNING * * *
The bullfrog hits you!
You die...

Skill      XL: |  1  2  3  4  5 |
---------------+----------------+-----
Unarmed Combat | 4 5 6 |  6.4
Fighting       | |  2.6
Dodging        | |  2.4
Stealth        | |  2.4

Action                   |  1- 3 |  4- 6 || total
-------------------------+-------+-------++-------
Melee: Unarmed           |    92 |   208 ||   300
       Bite              |    36 |    56 ||    92
       Punch             |       |    10 ||    10
  Use: Scroll            |     4 |     2 ||     6
       Potion            |       |     3 ||     3
 Stab: Sleeping          |     5 |     3 ||     8
       Distracted        |       |     1 ||     1
Armor: Robe              |    24 |    28 ||    52
Dodge: Dodged            |    54 |   153 ||   207

Levels and vault maps discovered:
D:1:      lightli_arrival_noodles, layout_basic,
          hellmonk_ecumenical_altar_arch_garden
D:2:      layout_basic, serial_co_window_serial, co_window_corner_a,
          co_window_corner_a, co_window_paths_a, co_window_paths_b,
          co_window_of_opportunity_a, co_window_broadway_c, co_window_corner_b,
          co_window_broadway_a, co_window_of_opportunity_b,
          co_window_unsneaky_path_e, co_window_corner_cb,
          co_window_unsneaky_path_d, co_window_paths_e, co_window_4corner_a,
          glass_columns_a
D:3:      minmay_chambers_of_threes, layout_loops_ring, portal_sewer_entry_b,
          hangedman_decor_growths, uniq_robin
Sewer:    sewer_frog_island_02

Notes
Turn   | Place    | Note
-------+----------+-------------------------------------------
     0 | D:1      | demibob the Vine Stalker Monk began the quest for the Orb.
     0 | D:1      | Reached XP level 1. HP: 11/11 MP: 2/2
    91 | D:1      | Found a faded altar of an unknown god.
    96 | D:1      | HP: 1/11 [dart slug (2)]
    98 | D:1      | Reached XP level 2. HP: 2/16 MP: 3/3
   805 | D:1      | Reached skill level 4 in Unarmed Combat
   979 | D:1      | Reached XP level 3. HP: 18/19 MP: 4/4
  1881 | D:2      | Gained mutation: Your natural rate of healing is unusually
                  | fast. [Vine Stalker growth]
  1881 | D:2      | Reached XP level 4. HP: 19/23 MP: 3/5
  2589 | D:3      | Reached skill level 5 in Unarmed Combat
  2913 | D:3      | Noticed Robin
  2929 | D:3      | Killed Robin
  2930 | D:3      | Reached XP level 5. HP: 19/27 MP: 1/6
  3060 | D:3      | Found a glowing drain.
  3085 | Sewer    | Entered a sewer
  3226 | Sewer    | Reached skill level 6 in Unarmed Combat
  3489 | Sewer    | Slain by a bullfrog

Vanquished Creatures
  Robin (D:3)
  6 adders
  A river rat (D:3)
  2 worms (D:3)
  A dart slug (D:1)
  6 orcs (D:3)
  5 bats
  17 endoplasms
  11 giant cockroaches
  9 goblins
  9 hobgoblins
  5 jackals
  12 quokkas
  20 ball pythons
  10 frilled lizards
  4 kobolds
  5 rats
124 creatures vanquished.

Table legend: (Time is in decaauts)
 A = Elapsed time spent in this place.
 B = Non-inter-level travel time spent in this place.
 C = Inter-level travel time spent in this place.
 D = Time resting spent in this place.
 E = Time spent auto-exploring this place.
 F = Levels seen in this place.
 G = Mean time per level.
                   A        B        C        D        E       F      G
               +--------+--------+--------+--------+--------+-----+--------+
         Total |   3525 |   3460 |     65 |    554 |   2181 |   4 |  881.2 |
       Dungeon |   3070 |   3005 |     65 |    537 |   2004 |   3 | 1023.3 |
         Sewer |    455 |    455 |      0 |     17 |    177 |   1 |  455.0 |
               +--------+--------+--------+--------+--------+-----+--------+

Top non-repeatable levels by time:
     D:1: 1363 daAuts
     D:2: 1148 daAuts
     D:3: 558 daAuts
   Sewer: 455 daAuts

Table legend:
 A = Non-vault XP
 B = Vault XP
 C = Vault XP percentage of total XP
 D = Non-vault monster count
 E = Vault monster count
 F = Vault count percentage of total count
                 A         B        C        D         E       F
            +---------+---------+-------+---------+---------+-------
      Total |     147 |     171 |  53.8 |      62 |      62 |  50.0
            +---------+---------+-------+---------+---------+-------
        D:1 |      39 |       0 |   0.0 |      22 |       0 |   0.0
        D:2 |      54 |       0 |   0.0 |      18 |       0 |   0.0
        D:3 |      54 |      46 |  46.0 |      22 |      10 |  31.2
      Sewer |       0 |     125 | 100.0 |       0 |      52 | 100.0
            +---------+---------+-------+---------+---------+-------
